 Dungeon Crawl Stone Soup version 0.20-a0-454-g2b43fbb (webtiles) character file.

30254 Promi the Peltast (level 13, -4/101 HPs)
             Began as a Human Fighter on Jan 9, 2017.
             Was the Champion of Okawaru.
             Slain by an eight-headed hydra (5 damage)
             ... on level 3 of the Lair of Beasts.
             The game lasted 01:24:28 (21225 turns).

Promi the Peltast (Human Fighter)                  Turns: 21225, Time: 01:24:28

Health: -4/101     AC: 17    Str: 19    XL:     13   Next: 87%
Magic:  13/13      EV: 11    Int:  8    God:    Okawaru [******]
Gold:   1143       SH: 16    Dex: 16    Spells: 12/12 levels left

rFire  . . .     SeeInvis .     g - +2 double sword (elec)
rCold  + . .     Gourm    .     E - +0 chain mail {rC+}
rNeg   + . .     Faith    .     c - +2 shield
rPois  +         Spirit   .     H - +0 hat of the Equator {rPois MR+ Str-2}
rElec  .         Reflect  .     G - +0 cloak
rCorr  .         Harm     .     I - +2 pair of gloves
MR     +....                    v - +0 pair of boots
Stlth  ..........               (no amulet)
                                u - ring of positive energy
                                (no ring)

@: no status effects
A: mutation resistance 1, strong 1
a: Heroism, Finesse, Renounce Religion


You were on level 3 of the Lair of Beasts.
You worshipped Okawaru.
Okawaru was exalted by your worship.
You were not hungry.

You visited 4 branches of the dungeon, and saw 18 of its levels.
You also visited: Labyrinth.

You collected 1240 gold pieces.
You spent 97 gold pieces at shops.

Inventory:

Hand Weapons
 g - a +2 double sword of electrocution (weapon)
 y - a +5 falchion of draining
 F - the +7 falchion "Gexamin" {venom, rPois Str-5 Int+2}
   (Okawaru gifted it to you on level 2 of the Lair of Beasts)

   It poisons the flesh of those it strikes.
   It affects your strength (-5).
   It affects your intelligence (+2).
   It protects you from poison.
Missiles
 N - 17 bolts
Armour
 c - a +2 shield (worn)
 n - a +3 ring mail of fire resistance
 v - a +0 pair of boots (worn)
 D - a +2 helmet
 E - a +0 chain mail of cold resistance (worn)
 G - a +0 cloak (worn)
 H - the +0 hat of the Equator (worn) {rPois MR+ Str-2}
   (Okawaru gifted it to you on level 9 of the Dungeon)

   It affects your strength (-2).
   It protects you from poison.
   It affects your resistance to hostile enchantments.
 I - a +2 pair of gloves (worn)
Jewellery
 d - a +3 ring of strength
 e - an uncursed ring of fire {unknown}
 h - an uncursed ring of protection from cold {unknown}
 l - a +2 ring of dexterity
 m - an uncursed ring of protection from fire
 u - a ring of positive energy (right hand)
 R - an uncursed ring of ice {unknown}
Wands
 b - a wand of iceblast (8/15)
 r - a wand of random effects (24/48)
 s - a wand of flame (41/48)
 w - a wand of random effects (26/48)
 A - a wand of digging (14/24)
 M - a wand of iceblast (8/15)
 P - a wand of lightning (11/15)
 Q - a wand of acid (9/15)
Scrolls
 i - 6 scrolls of identify
 j - 3 scrolls of remove curse
 B - 2 scrolls of recharging
 C - 4 scrolls of teleportation
 O - a scroll of enchant weapon
 S - a scroll of magic mapping
 T - a scroll of brand weapon {unknown}
Potions
 k - 6 potions of curing
 p - 3 potions of magic
 z - 3 potions of might
Books
 q - a book of Callings

   Spells                             Type                      Level
   a - Summon Small Mammal            Summoning                    1
   b - Call Imp                       Summoning                    2
   c - Call Canine Familiar           Summoning                    3
   d - Summon Guardian Golem          Hexes/Summoning              3
   e - Summon Lightning Spire         Summoning/Air                4
   f - Summon Ice Beast               Ice/Summoning                4
 K - a book of Misfortune

   Spells                             Type                      Level
   a - Confusing Touch                Hexes                        1
   b - Confuse                        Hexes                        3
   c - Gell's Gravitas                Hexes/Translocation          3
   d - Petrify                        Transmutation/Earth          4
   e - Metabolic Englaciation         Hexes/Ice                    5
   f - Yara's Violent Unravelling     Hexes/Transmutation          5
Comestibles
 a - 3 beef jerkies
 f - 8 bread rations
 o - 9 fruits
 t - 12 meat rations
 x - 31 royal jellies
 L - 3 chunks of flesh


   Skills:
 + Level 9.6 Fighting
 + Level 10.1 Long Blades
 - Level 8.5 Armour
 - Level 6.4 Dodging
 - Level 15.0 Shields


You had 12 spell levels left.
You didn't know any spells.

Dungeon Overview and Level Annotations

Branches:
Dungeon (11/15)            Temple (1/1) D:5            Lair (4/6) D:8
  Swamp (0/4) Lair:3       Spider (0/4) Lair:3          Orc (2/2) D:10
    Elf (0/3) Orc:2

Altars:
Ashenzari
Cheibriados
Dithmenos
Elyvilon
Fedhas
Gozag
Hepliaklqana
Kikubaaqudgha
Makhleb
Nemelex Xobeh
Okawaru
Qazlal
Ru
Sif Muna
Trog
Uskayaw
Vehumet
Xom
Yredelemnul
Zin
The Shining One

Shops:
D:4 ?

Annotations:
D:8 Gastronok


Innate Abilities, Weirdness & Mutations

You are somewhat resistant to further mutation.
Your muscles are strong. (Str +2)


Message History

The eight-headed hydra bites you!
* * * LOW HITPOINT WARNING * * *
The eight-headed hydra bites you but does no damage.
You block the eight-headed hydra's attack.
The eight-headed hydra bites you but does no damage.
The eight-headed hydra bites you!
* * * LOW HITPOINT WARNING * * *
The eight-headed hydra bites you.
* * * LOW HITPOINT WARNING * * *
The eight-headed hydra bites you but does no damage.
As you read the scroll of fear, it crumbles to dust.
You assume a fearsome visage.
The eight-headed hydra resists with some effort.
The eight-headed hydra bites you.
* * * LOW HITPOINT WARNING * * *
The eight-headed hydra bites you but does no damage.
The eight-headed hydra closely misses you.
The eight-headed hydra bites you but does no damage.
The eight-headed hydra bites you.
You die...

#.......#
#.......#
#.......##
#........#
#........#
#........#
##........#
#P..<....#.
#....@...#
##.....D..##
#.......>..#
###.....>.##
#.......##
#........##
##.......#.#
##.........D#
#P........P##


You could see an eight-headed hydra and a five-headed hydra (fleeing).

Vanquished Creatures
  The ghost of Geomchi the Summoner, a journeyman DESu of Sif Muna (Lair:3)
  A minotaur (Lab)
  Erica (D:9)
  A two-headed ogre (D:11)
  The ghost of Queen the Fencer, a novice MiFi (D:8)
  An unseen horror (D:10)
  Pikel (D:7)
  2 orc knights
  A cyclops (D:11)
  2 manticores (D:11)
  Joseph (D:8)
  Maurice (D:9)
  A gargoyle (D:10)
  4 spiny frogs
  6 komodo dragons
  2 rime drakes (Lair:2)
  5 trolls
  A queen bee (Lair:2)
  10 blink frogs
  Prince Ribbit (D:8)
  3 hippogriffs
  15 yaks
  Sigmund (D:2)
  A wyvern (D:10)
  4 fire bats (D:10)
  Grum (D:8)
  3 basilisks
  2 wargs (Orc:1)
  2 soldier ants (D:8)
  A hell hound (D:10)
  4 water moccasins
  Duvessa (D:7)
  4 porcupines
  19 orc warriors
  2 ice beasts
  A hornet zombie (D:7)
  A slave (D:7)
  2 phantoms (D:10)
  2 black bears
  14 ogres
  8 wolves
  8 centaurs
  8 big kobolds
  4 crocodiles
  9 bullfrogs
  2 gnoll sergeants
  A wyvern skeleton (D:7)
  Dowan (D:7)
  3 scorpions
  33 killer bees
  8 wights
  3 howler monkeys
  An electric eel (Lair:3)
  3 crimson imps
  3 bullfrog zombies
  A quasit (D:10)
  7 hounds
  A centaur skeleton (D:9)
  15 orc priests
  2 bullfrog skeletons
  20 orc wizards
  4 iguanas
  4 worker ants
  A hound zombie (D:3)
  A hound skeleton (D:6)
  Robin (D:3)
  A howler monkey zombie (D:5)
  A worker ant zombie (D:11)
  18 gnolls
  2 howler monkey skeletons (D:11)
  14 adders
  3 shadow imps (D:11)
  4 oozes
  An adder zombie (D:7)
  2 adder skeletons
  4 worms
  2 dart slugs
  3 leopard geckos
  88 orcs
  7 bats
  8 giant cockroaches
  14 goblins
  11 hobgoblins
  14 jackals
  20 kobolds
  2 quokkas
  9 frilled lizards
  A quokka skeleton (D:5)
  A quokka zombie (D:9)
  7 rats
  A plant (D:8)
517 creatures vanquished.

Vanquished Creatures (others)
  A sky beast (D:7)
  2 slaves (D:7)
  An orc wizard (D:7)
  An adder (D:7)
  3 orcs (D:7)
  A fire vortex (D:10)
  2 fungi
  5 plants
16 creatures vanquished.

Grand Total: 533 creatures vanquished

Notes
Turn   | Place    | Note
-------+----------+-------------------------------------------
     0 | D:1      | Promi the Human Fighter began the quest for the Orb.
     0 | D:1      | Reached XP level 1. HP: 18/18 MP: 1/1
   261 | D:1      | Reached XP level 2. HP: 24/24 MP: 2/2
   983 | D:2      | Reached XP level 3. HP: 29/29 MP: 3/3
  1062 | D:2      | Found an ancient bone altar of Kikubaaqudgha.
  1195 | D:2      | Found a deep blue altar of Sif Muna.
  1195 | D:2      | Found an opulent altar of Gozag.
  1196 | D:2      | Found a burning altar of Makhleb.
  1269 | D:2      | Found a bloodstained altar of Trog.
  1388 | D:2      | Noticed Sigmund
  1396 | D:2      | Reached XP level 4. HP: 36/37 MP: 4/4
  1408 | D:2      | Killed Sigmund
  1408 | D:2      | Reached skill level 5 in Armour
  1408 | D:2      | Reached XP level 5. HP: 23/43 MP: 5/5
  1408 | D:2      | Reached XP level 6. HP: 27/50 MP: 6/6
  2002 | D:3      | Reached skill level 5 in Fighting
  2245 | D:3      | Noticed Robin
  2765 | D:3      | Killed Robin
  2918 | D:3      | Reached XP level 7. HP: 33/56 MP: 7/7
  3632 | D:4      | Found Juojoy's Magic Scroll Shop.
  3639 | D:4      | Bought a scroll of enchant weapon for 97 gold pieces
  3763 | D:4      | Found a radiant altar of Vehumet.
  4237 | D:4      | Reached skill level 5 in Long Blades
  4252 | D:4      | Found a hide-covered altar of Uskayaw.
  4547 | D:4      | Reached XP level 8. HP: 50/62 MP: 8/8
  4747 | D:5      | Entered Level 5 of the Dungeon
  4763 | D:5      | Found a glowing silver altar of Zin.
  5140 | D:5      | Found a staircase to the Ecumenical Temple.
  5149 | Temple   | Entered the Ecumenical Temple
  5436 | Temple   | Became a worshipper of Warmaster Okawaru
  6308 | D:6      | Reached XP level 9. HP: 62/68 MP: 9/9
  6329 | D:6      | Reached * piety under Okawaru
  6587 | D:6      | Reached skill level 1 in Dodging
  6865 | D:6      | Found a glowing golden altar of the Shining One.
  7322 | D:7      | Noticed Dowan
  7327 | D:7      | Noticed a hippogriff
  7352 | D:7      | Killed a hippogriff
  7359 | D:7      | Killed Dowan
  7760 | D:7      | Reached ** piety under Okawaru
  7769 | D:7      | Identified Kemeumat's Handbook of Flamy Contamination
  7905 | D:7      | Noticed Pikel
  7924 | D:7      | Killed Pikel
  7924 | D:7      | Reached XP level 10. HP: 70/79 MP: 10/10
  7972 | D:7      | Noticed Duvessa
  7995 | D:7      | Killed Duvessa
  8805 | D:8      | Noticed Prince Ribbit
  8818 | D:8      | Killed Prince Ribbit
  8818 | D:8      | Reached *** piety under Okawaru
  8818 | D:8      | Reached skill level 5 in Dodging
  8832 | D:8      | Noticed Queen's ghost (novice MiFi)
  8856 | D:8      | Killed Queen's ghost
  9265 | D:8      | Noticed a komodo dragon
  9267 | D:8      | Found a staircase to the Lair.
  9290 | D:8      | Killed a komodo dragon
  9290 | D:8      | Reached **** piety under Okawaru
  9364 | D:8      | Noticed Grum
  9387 | D:8      | Noticed Joseph
  9389 | D:8      | Killed Grum
  9398 | D:8      | Noticed Gastronok
 10206 | D:9      | Noticed Maurice
 10207 | D:9      | Gained mutation: Your muscles are strong. (Str +2) [potion of mutation]
 10207 | D:9      | Gained mutation: You are somewhat resistant to further mutation. [potion of mutation]
 10234 | D:9      | Killed Maurice
 10234 | D:9      | Reached skill level 4 in Shields
 10234 | D:9      | Reached XP level 11. HP: 86/87 MP: 11/11
 10245 | D:8      | Noticed Erica
 10257 | D:9      | Killed Erica
 10257 | D:9      | Reached skill level 5 in Shields
 10301 | D:9      | Reached ***** piety under Okawaru
 10514 | D:10     | Entered Level 10 of the Dungeon
 10538 | D:10     | Reached skill level 6 in Shields
 10625 | D:10     | Reached skill level 7 in Shields
 11014 | D:9      | Received a gift from Okawaru
 11015 | D:9      | Got a translucent hat {god gift}
 11046 | D:9      | Identified the +0 hat of the Equator {rPois MR+ Str-2} (Okawaru gifted it to you on level 9 of the Dungeon)
 11144 | D:10     | Reached skill level 8 in Shields
 11479 | D:10     | Noticed a five-headed hydra
 11766 | D:11     | Noticed a manticore
 11783 | D:11     | Killed a manticore
 11783 | D:11     | Reached skill level 9 in Shields
 11826 | D:11     | Found a labyrinth entrance.
 11832 | Lab      | Entered a labyrinth
 12358 | Lab      | Noticed a minotaur
 12386 | Lab      | Killed a minotaur
 12391 | Lab      | Identified Geraek's Collected Works on Attacks
 12392 | Lab      | Got a dazzling dire flail
 12571 | D:11     | Found a blossoming altar of Fedhas.
 12684 | D:11     | Reached skill level 10 in Shields
 12787 | D:11     | Reached XP level 12. HP: 84/94 MP: 12/12
 13049 | D:11     | Noticed a two-headed ogre
 13681 | D:10     | Reached skill level 11 in Shields
 13806 | D:11     | Killed a two-headed ogre
 14166 | D:10     | Killed an unseen horror
 14166 | D:10     | Reached skill level 12 in Shields
 14433 | D:10     | Found a staircase to the Orcish Mines.
 14509 | Orc:1    | Entered Level 1 of the Orcish Mines
 14549 | D:10     | Received a gift from Okawaru
 14553 | D:10     | Got a warped hand crossbow {god gift}
 14557 | D:10     | Identified the +1 hand crossbow of Crystal {venom, *Drain +Inv rElec Str-4} (Okawaru gifted it to you on level 10 of the Dungeon)
 14572 | D:10     | Identified the +9 dire flail of Gehenna {speed, rElec Int+4} (You found it in a labyrinth)
 14910 | Orc:1    | Found a deep blue altar of Sif Muna.
 15136 | Orc:2    | Entered Level 2 of the Orcish Mines
 15317 | Orc:1    | Reached ****** piety under Okawaru
 15334 | Orc:1    | Reached skill level 13 in Shields
 15970 | Orc:2    | Found a staircase to the Elven Halls.
 16229 | Orc:2    | Noticed an orc warlord
 16259 | Orc:1    | Noticed a stone giant
 16292 | Orc:1    | Noticed an orc high priest
 16457 | D:10     | Found a shattered altar of Ashenzari.
 16476 | D:10     | Reached XP level 13. HP: 99/99 MP: 13/13
 16598 | D:9      | Received a gift from Okawaru
 16788 | D:8      | Killed Joseph
 16935 | D:8      | Found a blossoming altar of Fedhas.
 17121 | Lair:1   | Entered Level 1 of the Lair of Beasts
 17195 | Lair:1   | Reached skill level 14 in Shields
 18716 | Lair:2   | Reached skill level 15 in Shields
 19802 | Lair:3   | Noticed Geomchi's ghost (journeyman DESu)
 20121 | Lair:2   | Received a gift from Okawaru
 20124 | Lair:2   | Got a faintly glowing falchion {god gift}
 20136 | Lair:2   | Identified the +7 falchion "Gexamin" {venom, rPois Str-5 Int+2} (Okawaru gifted it to you on level 2 of the Lair of Beasts)
 20367 | Lair:3   | Killed Geomchi's ghost
 20471 | Lair:3   | Found a hole to the Spider Nest.
 20555 | Lair:3   | Found a staircase to the Swamp.
 20924 | Lair:4   | Reached skill level 10 in Long Blades
 21202 | Lair:4   | Noticed a five-headed hydra
 21220 | Lair:3   | Noticed an eight-headed hydra
 21225 | Lair:3   | HP: 1/101 [eight-headed hydra (6)]
 21225 | Lair:3   | Slain by an eight-headed hydra

Vault maps used:
D:1:      lemuel_arrival_room, hangedman_decor_points, minmay_misc_feat_x
D:2:      nicolae_overflow_quartered_altars, lemuel_coloured_pillars_altar,
          uniq_sigmund
D:3:      serial_bayou, serial_bayou_shore_a, serial_bayou_lagoon_b,
          serial_bayou_lake_a, serial_bayou_pond_d, grunt_ministairs_9,
          uniq_robin
D:4:      nicolae_overflow_crystal_walls, vehumet_crystals, serial_shops,
          shop_scrolls
D:5:      zin_statuary, first_bread
D:6:      nicolae_tso_swordbearing_angel
D:7:      uniq_pikel, uniq_duvessa
D:8:      overflow_temple_1_default, david_lair_shrubbed,
          hangedman_pestilent_swarm, uniq_prince_ribbit1, uniq_erica,
          uniq_joseph, uniq_gastronok, uniq_grum
D:9:      minmay_misc_feat_tower, uniq_maurice
D:10:     kennysheep_orc_monster_closet_entryway, basic_altar,
          hangedman_incinerator
D:11:     lab_entry_generic, fedhas_altar_1
Temple:   minmay_temple_forest_path
Lair:1:   serial_bayou_pond_e, minmay_hedge_maze, beast_lair_carwin_1
Lair:2:   serial_bayou_crossing
Lair:3:   swamp_mist_pool, dummy_spider_entry
Lair:4:   eino_small_chamber_without_monster
Orc:1:    led_sif_book
Orc:2:    grunt_orc_cross, basic_altar
Lab:      labyrinth_spiral, nicolae_lab_swirl, nicolae_lab_hexagon

Skill      XL: |  1  2  3  4  5  6  7  8  9 10 11 12 13 |
---------------+----------------------------------------+-----
Fighting       | 4 5 7 8 9 |  9.6
Armour         | 5 7 8 |  8.5
Long Blades    | 3 5 8 9 10 | 10.1
Dodging        | 4 6 |  6.4
Shields        | 4 10 13 15 | 15.0

Action                   |  1- 3 |  4- 6 |  7- 9 | 10-12 | 13-15 || total
-------------------------+-------+-------+-------+-------+-------++-------
Melee: Long sword        |    59 |       |       |       |       ||    59
       Dagger            |    35 |   168 |       |       |       ||   203
       Falchion          |       |    50 |   448 |  1047 |    23 ||  1568
       Double sword      |       |       |       |       |   410 ||   410
Evoke: Wand              |       |       |       |     5 |       ||     5
  Use: Potion            |     1 |       |     7 |     9 |     1 ||    18
       Scroll            |       |    12 |     6 |    15 |     6 ||    39
  Eat: Chunk             |     2 |     5 |    16 |    22 |    14 ||    59
       Pizza             |       |       |       |     2 |       ||     2
       Fruit             |       |       |       |     4 |       ||     4
       Beef jerky        |       |       |       |       |     2 ||     2
Armor: Scale mail        |    58 |   120 |   184 |    84 |       ||   446
       Skin              |       |       |     3 |       |       ||     3
       Chain mail        |       |       |       |   417 |   247 ||   664
Dodge: Dodged            |    37 |   115 |   207 |   478 |   228 ||  1065
Block: Shield            |       |       |       |   498 |   496 ||   994
       Rpst.: Long sword |     8 |       |       |       |       ||     8
       Falchion          |       |    12 |    61 |   127 |     4 ||   204
       Double sword      |       |       |       |       |    68 ||    68
